 Dungeon Crawl Stone Soup version 0.28-a0-1152-g9c71ebef14 (webtiles) character file.

Game seed: 10837046536296833938

12 spaghetti the Sneak (level 2, -11/21 HPs)
             Began as an Octopode Delver on Dec 14, 2021.
             Was an Initiate of Cheibriados.
             Mangled by an ogre (18 damage)
             ... on level 5 of the Dungeon.
             The game lasted 00:00:38 (394 turns).

spaghetti the Sneak (Octopode Delver)                Turns: 394, Time: 00:00:39

Health: -11/21     AC:  1    Str: 12    XL:     2   Next: 33%
Magic:  2/2        EV: 13    Int: 13    God:    Cheibriados [......]
Gold:   26         SH:  0    Dex: 14    Spells: 1/1 levels left

rFire   . . .      SeeInvis .   a - +0 hand axe {axe}
rCold   . . .      Faith    .   (no shield)
rNeg    . . .      Spirit   .   (helmet restricted)
rPois   .          Reflect  .   (no amulet)
rElec   .          Harm     .   (no ring)
rCorr   .          Rampage  .   (no ring)
Will    .....                   (no ring)
Stlth   +++++.....              (no ring)
HPRegen 0.07/turn               (no ring)
MPRegen 0.08/turn               (no ring)
                                (no ring)
                                (no ring)

@: very slow
A: almost no armour, amphibious, 8 rings, camouflage 1, gelatinous body 1,
(nimble swimmer 1), tentacles
a: Renounce Religion


You were on level 5 of the Dungeon.
You worshipped Cheibriados.
Cheibriados was noncommittal.
You visited 2 branches of the dungeon, and saw 2 of its levels.

You collected 26 gold pieces.


Innate Abilities, Weirdness & Mutations

You cannot wear most types of armour.
You are amphibious.
You can wear up to eight rings at the same time.
Your skin changes colour to match your surroundings (Stealth+).
Your rubbery body absorbs attacks. (AC +1, EV +1)
((You are camouflaged near water. (Stealth+)))
You have tentacles for arms and can constrict up to eight enemies at once.


   Skills:
 - Level 3.0 Fighting
 - Level 2.0 Axes
 - Level 2.0 Dodging
 * Level 7.3 Stealth


You had one spell level left.
You didn't know any spells.
Your spell library was empty.

Inventory:

Hand Weapons
 a - a +0 hand axe (weapon) {axe}
Missiles
 g - 11 stones (quivered) {throwing}
Wands
 f - a wand of digging (3)
Scrolls
 b - a scroll of fog
 c - a scroll of magic mapping {!r}
 d - a scroll of fear
Potions
 e - a potion of haste {@q3}

Dungeon Overview and Level Annotations

Branches:
Dungeon (5/15)             Temple (1/1) D:5

Altars:
Cheibriados
Elyvilon
Fedhas
Hepliaklqana
Kikubaaqudgha
Sif Muna
Trog
Vehumet
Wu Jian
Yredelemnul
Zin
The Shining One

........# ######+####.##..###..
........#####........##.###.# #..
##...................##.###.###..
#######.####........##......##..
#..............######....#.##..
#.####.#######'#### #..........
#.# #.......# #....##.##. #.#
#.......#....####.##. ..#
#...@...###.# #.##. ...
#....O..#... #.##. ..).
#.......#... #..#. ..#. ####+####
##.#. #... ##.. #.. ##> ##


You could see an ogre.


Message History

You hit the hound skeleton but do no damage.
You constrict the hound skeleton. The hound skeleton bites you. x2
* * * LOW HITPOINT WARNING * * *
You are too injured to fight recklessly! 😨 HP[-5]
You take 5 damage, and now have 8/16 hp.
MASSIVE DAMAGE!! (PAUSE) Unknown command.
You hit the hound skeleton. You constrict the hound skeleton.
The hound skeleton bites you.
* * * LOW HITPOINT WARNING * * *
The hound skeleton bites you.
* * * LOW HITPOINT WARNING * * *
😱 HP[-5]
You take 5 damage, and now have 3/16 hp.
MASSIVE DAMAGE!! (PAUSE) Unknown command.
You hit the hound skeleton but do no damage.
You constrict the hound skeleton. The hound skeleton closely misses you.
Unknown command.
Unknown command.
You hit the hound skeleton.
You destroy the hound skeleton!
Your Stealth skill increases to level 7!
You have reached level 2! 😱 HP[+2] MP[+1]
You now have 21 max hp (+5).
You regained 2 hp, and now have 5/21 hp.
Your mp is fully restored (2).
Unknown command.
Unknown command.
You start resting. 😎 HP[+16]
Your hp is fully restored (21).
You now have 11 gold pieces.
Found an ornate altar of the Wu Jian Council.
Found a white marble altar of Elyvilon.
You now have 26 gold pieces (gained 15).
g - a scroll labelled JAT ZECSAGRYH
As you read the scroll labelled JAT ZECSAGRYH, it crumbles to dust.
It is a scroll of identify.
You don't have any unidentified items.
You open the door.
There is an open door here.
g - 11 stones {throwing} You open the door.
An ogre comes into view. It is wielding a +0 giant club.
Found a staircase to the Ecumenical Temple.
Unknown command.
There is an open door here.
There is a staircase to the Ecumenical Temple here.
You climb downwards.
Welcome to the Ecumenical Temple!
Found a hazy altar of Hepliaklqana and a snail-covered altar of Cheibriados.
There is a staircase back to the Dungeon here.
Unknown command.
Unknown command.
Unknown command.
Unknown command.
Found a radiant altar of Vehumet.
Found an ancient bone altar of Kikubaaqudgha.
Found a blossoming altar of Fedhas.
Found a basalt altar of Yredelemnul.
Found a glowing golden altar of the Shining One.
Found a bloodstained altar of Trog.
Found a glowing silver altar of Zin.
Found a shimmering blue altar of Sif Muna.
Done exploring.
Done exploring.
There is a snail-covered altar of Cheibriados here.
You curl up in front of the altar of Cheibriados.
Cheibriados welcomes you!
Cheibriados begins to support your attributes as your movement slows.
Cheibriados is now slowing the effects of poison on you.
(D) Dungeon (T) Temple
Where to? (? - help)
There is a staircase back to the Dungeon here.
You climb upwards.
The ogre shouts!
The ogre misses you.
There is a staircase to the Ecumenical Temple here.
An ogre is nearby!
Unknown command.
You don't have any such object.
Evoke which item? (* to show all) (? for menu, Esc to quit)
You don't have any such object.
Evoke which item? (* to show all) (? for menu, Esc to quit)
You don't have any such object.
Evoke which item? (* to show all) (? for menu, Esc to quit)
Okay, then.
You hit the ogre. The ogre hits you with a +0 giant club!
Ouch! That really hurt!
* * * LOW HITPOINT WARNING * * *
😨 HP[-14]
You take 14 damage, and now have 7/21 hp.
MASSIVE DAMAGE!! (PAUSE)
Okay, then.
You hit the ogre.
The ogre hits you with a +0 giant club!!
Ouch! That really hurt!
You die...

Skill      XL: |  1 |
---------------+----+-----
Stealth        | 7 |  7.3
Fighting       | |  3.0
Axes           | |  2.0
Dodging        | |  2.0

Action                   || total
-------------------------++-------
Melee: Hand axe          ||     8
       Constrict         ||     1
  Use: Scroll            ||     1
 Stab: Sleeping          ||     1
Dodge: Dodged            ||     3

Levels and vault maps discovered:
D:5:      layout_basic, okawaru_trees_2,
          chequers_temple_overflow_statue_of_worship, temple_green,
          uniq_menkaure, uniq_prince_ribbit1, uniq_ijyb
Temple:   compressed_dpeg_circular_temple

Notes
Turn   | Place    | Note
-------+----------+-------------------------------------------
     0 | D:5      | spaghetti the Octopode Delver began the quest for the Orb.
     0 | D:5      | Reached XP level 1. HP: 16/16 MP: 1/1
     0 | D:5      | magus.rc [v1.9.6]
    16 | D:5      | HP: 3/16 [hound skeleton (4)]
    19 | D:5      | Reached skill level 7 in Stealth
    19 | D:5      | Reached XP level 2. HP: 5/21 MP: 2/2
   259 | D:5      | Found an ornate altar of the Wu Jian Council.
   261 | D:5      | Found a white marble altar of Elyvilon.
   303 | D:5      | Found a staircase to the Ecumenical Temple.
   303 | D:5      | Noticed an ogre
   309 | Temple   | Entered the Ecumenical Temple
   309 | Temple   | Noticed an electric eel
   311 | Temple   | Noticed an electric eel
   312 | Temple   | Noticed an electric eel
   314 | Temple   | Noticed an electric eel
   326 | Temple   | Noticed an electric eel
   386 | Temple   | Became a worshipper of Cheibriados the Contemplative
   394 | D:5      | Mangled by an ogre

Vanquished Creatures
  A hound skeleton (D:5)
1 creature vanquished.

Table legend:
 A = Non-vault XP
 B = Vault XP
 C = Vault XP percentage of total XP
 D = Non-vault monster count
 E = Vault monster count
 F = Vault count percentage of total count
                 A         B        C        D         E       F
            +---------+---------+-------+---------+---------+-------
      Total |      18 |       0 |   0.0 |       1 |       0 |   0.0
            +---------+---------+-------+---------+---------+-------
        D:5 |      18 |       0 |   0.0 |       1 |       0 |   0.0
            +---------+---------+-------+---------+---------+-------

Illustrated notes

Table legend:
 A = Kills in this place as a percentage of kills in entire the game.
 B = Kills by you in this place as a percentage of kills by you in the entire game.
 C = Kills by friends in this place as a percentage of kills by friends in the entire game.
 D = Other kills in this place as a percentage of other kills in the entire game.
 E = Experience gained in this place as a percentage of experience gained in the entire game.
 F = Experience gained in this place divided by the number of levels of this place that you have seen.
                   A       B       C       D       E      F
               +-------+-------+-------+-------+-------+----------------------
         Total | 100.0 | 100.0 |   N/A |   N/A | 100.0 |   9.0
       Dungeon | 100.0 | 100.0 |   N/A |   N/A | 100.0 |  18.0
               +-------+-------+-------+-------+-------+----------------------

Table legend: (Time is in decaauts)
 A = Elapsed time spent in this place.
 B = Non-inter-level travel time spent in this place.
 C = Inter-level travel time spent in this place.
 D = Time resting spent in this place.
 E = Time spent auto-exploring this place.
 F = Levels seen in this place.
 G = Mean time per level.
                   A        B        C        D        E       F      G
               +--------+--------+--------+--------+--------+-----+--------+
         Total |    396 |    389 |      7 |    225 |    126 |   2 |  198.0 |
       Dungeon |    312 |    311 |      1 |    225 |     64 |   1 |  312.0 |
        Temple |     83 |     77 |      6 |      0 |     62 |   1 |   83.0 |
               +--------+--------+--------+--------+--------+-----+--------+

Top non-repeatable levels by time:
     D:5: 312 daAuts
  Temple: 83 daAuts
